 Dungeon Crawl Stone Soup version 0.21.1-1-g345015f (webtiles) character file.

385 tidbits the Grave Robber (level 6, 36/44 HPs)
             Began as a Gnoll Necromancer on June 26, 2018.
             Quit the game on level 5 of the Dungeon.
             The game lasted 00:05:43 (782 turns).

tidbits the Grave Robber (Gnoll Necromancer)         Turns: 782, Time: 00:05:43

Health: 36/44      AC:  2    Str:  8 (11) XL:     6   Next: 77%
Magic:  14/14      EV: 14    Int: 21 (24) God:
Gold:   114        SH:  0    Dex: 12 (15) Spells: 7/15 levels left

rFire    . . .     SeeInvis .   v - +0 dire flail (protect)
rCold    . . .     Gourm    .   (shield currently unavailable)
rNeg     . . .     Faith    .   f - +0 robe
rPois    .         Spirit   .   (no helmet)
rElec    .         Reflect  .   (no cloak)
rCorr    .         Harm     .   (no gloves)
MR       +....                  (no boots)
Stlth    +++.......             (no amulet)
HPRegen  0.14/turn              e - ring of protection from magic
MPRegen  0.14/turn              (no ring)

@: brilliant
A: distributed training, fangs 1, strong nose
a: no special abilities


You were on level 5 of the Dungeon.
You were not hungry.

You visited 1 branch of the dungeon, and saw 5 of its levels.

You collected 114 gold pieces.

Inventory:

Hand Weapons
 a - a +0 dagger
 i - a +0 falchion
 l - a +0 dagger
 v - a +0 dire flail of protection (weapon)
   (You took it off Edmund on level 4 of the Dungeon)
Missiles
 d - 35 stones (quivered)
 m - 2 throwing nets {!f}
 o - 18 arrows
Armour
 f - a +0 robe (worn)
Jewellery
 e - a ring of protection from magic (left hand)
   (You found it on level 1 of the Dungeon)
Wands
 p - a wand of flame (21)
Scrolls
 h - a scroll of enchant weapon {unknown}
 k - a scroll of fog {unknown}
 q - a scroll of fear {unknown}
 r - a scroll of remove curse {unknown}
 t - a scroll of teleportation {unknown}
 w - a scroll of magic mapping {unknown}
Potions
 g - a potion of cancellation
 n - a potion of degeneration
 u - a potion of curing
Books
 b - a book of Necromancy

   Spells                             Type                      Level
   a - Pain                           Necromancy                   1
   b - Animate Skeleton               Necromancy                   1
   c - Vampiric Draining              Necromancy                   3
   d - Regeneration                   Charms/Necromancy            3
   e - Animate Dead                   Necromancy                   4
   f - Borgnjor's Vile Clutch         Necromancy/Earth             5
Comestibles
 c - 7 rations


   Skills:
 + Level 2.1 Fighting
 + Level 2.1 Short Blades
 + Level 2.1 Long Blades
 + Level 2.1 Axes
 + Level 2.1 Maces & Flails
 + Level 2.1 Polearms
 + Level 2.1 Staves
 + Level 2.1 Slings
 + Level 2.1 Bows
 + Level 2.1 Crossbows
 + Level 2.1 Throwing
 + Level 2.1 Armour
 + Level 5.0 Dodging
 + Level 4.6 Stealth
 + Level 2.1 Shields
 + Level 2.1 Unarmed Combat
 + Level 5.4 Spellcasting
 + Level 1.6 Conjurations
 + Level 1.6 Hexes
 + Level 1.6 Charms
 + Level 1.6 Summonings
 + Level 7.3 Necromancy
 + Level 1.6 Translocations
 + Level 1.6 Transmutations
 + Level 1.6 Fire Magic
 + Level 1.6 Ice Magic
 + Level 1.6 Air Magic
 + Level 1.6 Earth Magic
 + Level 1.6 Poison Magic
 + Level 2.3 Invocations
 + Level 2.1 Evocations


You had 7 spell levels left.
You knew the following spells:

 Your Spells              Type           Power        Failure   Level  Hunger
a - Pain                  Necr           ####         1%          1    None
d - Vampiric Draining     Necr           #####.....   1%          3    ##.....
n - Animate Skeleton      Necr           N/A          1%          1    None
r - Regeneration          Chrm/Necr      #####.....   1%          3    ##.....


Dungeon Overview and Level Annotations

Branches:
Dungeon (5/15)
 Temple: D:4-7

Altars:
Okawaru
Qazlal
Uskayaw
Wu Jian
Xom

Shops:
D:4 =

Annotations:
D:5 bmj180's ghost, novice HOFi


Innate Abilities, Weirdness & Mutations

Your experience applies equally to all skills.
You have very sharp teeth.
Your uncanny sense of smell can sniff out nearby items.


Message History

The jelly quivers.
The jelly writhes in agony!
Casting: Pain
Confirm with . or Enter, or press ? or * to list all spells.
Aiming: Pain
Press: ? - help, Shift-Dir - straight line, f/p - jelly
Aim: a jelly (lightly wounded, chance to defeat MR: 89%)
The jelly writhes in agony!
Casting: Pain
Confirm with . or Enter, or press ? or * to list all spells.
Aiming: Pain
Press: ? - help, Shift-Dir - straight line, f/p - jelly
Aim: a jelly (moderately wounded, chance to defeat MR: 89%)
The jelly writhes in agony!
Casting: Pain
Confirm with . or Enter, or press ? or * to list all spells.
Aiming: Pain
Press: ? - help, Shift-Dir - straight line, f/p - jelly
Aim: a jelly (moderately wounded, chance to defeat MR: 89%)
The jelly writhes in agony!
Casting: Pain
Confirm with . or Enter, or press ? or * to list all spells.
Aiming: Pain
Press: ? - help, Shift-Dir - straight line, f/p - jelly
Aim: a jelly (heavily wounded, chance to defeat MR: 89%)
You miscast Pain.
You are very lightly contaminated with residual magic.
Nothing appears to happen.
The jelly hits you but does no damage.
Casting: Pain
Confirm with . or Enter, or press ? or * to list all spells.
Aiming: Pain
Press: ? - help, Shift-Dir - straight line, f/p - jelly
Aim: a jelly (heavily wounded, chance to defeat MR: 89%)
The jelly writhes in agony!
The jelly barely misses you.
Casting: Pain
Confirm with . or Enter, or press ? or * to list all spells.
Aiming: Pain
Press: ? - help, Shift-Dir - straight line, f/p - jelly
Aim: a jelly (severely wounded, chance to defeat MR: 89%)
The jelly writhes in agony!
You kill the jelly!
You see here a scroll labeled FEMIAN WEOCUKI.
w - a scroll labeled FEMIAN WEOCUKI Your magical contamination has completely faded away.
Found 17 gold pieces.
You see here 17 gold pieces.
You now have 106 gold pieces (gained 17).
A centaur skeleton comes into view.
The centaur skeleton moves out of view.
Found 8 gold pieces.
You hit the centaur skeleton.
Your weapon exudes an aura of protection.
You bite the centaur skeleton.
The centaur skeleton is lightly damaged.
The centaur skeleton closely misses you.
You hit the centaur skeleton.
The centaur skeleton is moderately damaged.
The centaur skeleton barely misses you. The centaur skeleton hits you.
* * * LOW HITPOINT WARNING * * *
You hit the centaur skeleton.
The centaur skeleton is heavily damaged.
The centaur skeleton closely misses you.
The centaur skeleton hits you but does no damage.
You completely miss the centaur skeleton.
You bite the centaur skeleton, but do no damage.
The centaur skeleton is heavily damaged.
The centaur skeleton hits you but does no damage.
You puncture the centaur skeleton!
The centaur skeleton is severely damaged.
The centaur skeleton hits you but does no damage.
The centaur skeleton misses you.
You sock the centaur skeleton!
You destroy the centaur skeleton!
Found a stone staircase leading down.
Bmj180's ghost (novice Hill Orc Fighter) comes into view.
Found a ration.
You see here 8 gold pieces.
You now have 114 gold pieces (gained 8).
Bmj180's ghost turns its malevolent gaze towards you.
Found a ring mail.
Found a long sword.
Found a ration.
Found a fuming grey potion.
A hound comes into view.
You see here a ration.
c - 6 rations (gained 1)
You see here a ration.
c - 7 rations (gained 1) It was a potion of cancellation.
You feel magically purged.
It was a potion of degeneration.
There was something very wrong with that liquid.
You feel weakened.
You feel dopey.
You feel clumsy. Bmj180's ghost misses you.
It was a potion of curing.
You feel better. Bmj180's ghost closely misses you.
It was a potion of heal wounds.
You feel much better.
Bmj180's ghost hits you but does no damage.
It was a potion of brilliance.
You feel clever all of a sudden. Bmj180's ghost hits you!
Are you sure you want to abandon this character and quit the game? (Confirm with "yes".)

#.....#.........#...
#####.#............#
.####.............#######
......#....W......#.....#
.........##....##......!.
.............W###........
......######.............
...#### #####W........
#### #@....)...
##.......h ##.......
....... ....... .......
....... ....


You could see bmj180's ghost.

Vanquished Creatures
  Edmund (D:4)
  A centaur (D:5)
  A howler monkey (D:4)
  A jelly (D:5)
  A centaur skeleton (D:5)
  A worker ant (D:4)
  3 gnolls (D:4)
  2 adders
  A shadow imp (D:5)
  An ooze (D:2)
  An adder zombie (D:5)
  An adder skeleton (D:4)
  A leopard gecko (D:5)
  A bat (D:3)
  A goblin (D:1)
  2 hobgoblins
  A kobold (D:2)
  A frilled lizard (D:1)
22 creatures vanquished.

Notes
Turn   | Place    | Note
-------+----------+-------------------------------------------
     0 | D:1      | tidbits the Gnoll Necromancer began the quest for the Orb.
     0 | D:1      | Reached XP level 1. HP: 13/13 MP: 6/6
    95 | D:2      | Reached XP level 2. HP: 11/20 MP: 0/7
    98 | D:2      | Learned a level 1 spell: Animate Skeleton
   296 | D:4      | Noticed a howler monkey
   300 | D:4      | Killed a howler monkey
   300 | D:4      | Reached skill level 1 in Fighting
   300 | D:4      | Reached skill level 1 in Short Blades
   300 | D:4      | Reached skill level 1 in Long Blades
   300 | D:4      | Reached skill level 1 in Axes
   300 | D:4      | Reached skill level 1 in Maces & Flails
   300 | D:4      | Reached skill level 1 in Polearms
   300 | D:4      | Reached skill level 1 in Staves
   300 | D:4      | Reached skill level 1 in Slings
   300 | D:4      | Reached skill level 1 in Bows
   300 | D:4      | Reached skill level 1 in Crossbows
   300 | D:4      | Reached skill level 1 in Throwing
   300 | D:4      | Reached skill level 1 in Armour
   300 | D:4      | Reached skill level 1 in Shields
   300 | D:4      | Reached skill level 1 in Unarmed Combat
   300 | D:4      | Reached skill level 5 in Spellcasting
   300 | D:4      | Reached skill level 1 in Invocations
   300 | D:4      | Reached skill level 1 in Evocations
   300 | D:4      | Reached XP level 3. HP: 12/26 MP: 3/9
   300 | D:4      | Reached XP level 4. HP: 14/32 MP: 3/11
   305 | D:4      | Learned a level 3 spell: Vampiric Draining
   309 | D:4      | Learned a level 3 spell: Regeneration
   350 | D:4      | Reached skill level 1 in Conjurations
   350 | D:4      | Reached skill level 1 in Hexes
   350 | D:4      | Reached skill level 1 in Charms
   350 | D:4      | Reached skill level 1 in Summonings
   350 | D:4      | Reached skill level 1 in Translocations
   350 | D:4      | Reached skill level 1 in Transmutations
   350 | D:4      | Reached skill level 1 in Fire Magic
   350 | D:4      | Reached skill level 1 in Ice Magic
   350 | D:4      | Reached skill level 1 in Air Magic
   350 | D:4      | Reached skill level 1 in Earth Magic
   350 | D:4      | Reached skill level 1 in Poison Magic
   358 | D:4      | Found Xuatados's Jewellery Shop.
   376 | D:4      | Found a hide-covered altar of Uskayaw.
   392 | D:4      | Reached XP level 5. HP: 11/37 MP: 2/12
   438 | D:5      | Entered Level 5 of the Dungeon
   438 | D:5      | Noticed a centaur
   446 | D:5      | Killed a centaur
   464 | D:5      | Found a stormy altar of Qazlal.
   505 | D:5      | Found an ornate altar of the Wu Jian Council.
   527 | D:5      | Found a shimmering altar of Xom.
   536 | D:5      | Found an iron altar of Okawaru.
   584 | D:4      | Noticed Edmund
   593 | D:4      | Killed Edmund
   593 | D:4      | Reached skill level 2 in Fighting
   593 | D:4      | Reached skill level 2 in Short Blades
   593 | D:4      | Reached skill level 2 in Long Blades
   593 | D:4      | Reached skill level 2 in Axes
   593 | D:4      | Reached skill level 2 in Maces & Flails
   593 | D:4      | Reached skill level 2 in Polearms
   593 | D:4      | Reached skill level 2 in Staves
   593 | D:4      | Reached skill level 2 in Slings
   593 | D:4      | Reached skill level 2 in Bows
   593 | D:4      | Reached skill level 2 in Crossbows
   593 | D:4      | Reached skill level 2 in Throwing
   593 | D:4      | Reached skill level 2 in Armour
   593 | D:4      | Reached skill level 5 in Dodging
   593 | D:4      | Reached skill level 2 in Shields
   593 | D:4      | Reached skill level 2 in Unarmed Combat
   593 | D:4      | Reached skill level 2 in Invocations
   593 | D:4      | Reached skill level 2 in Evocations
   593 | D:4      | Reached XP level 6. HP: 10/44 MP: 0/14
   763 | D:5      | Noticed bmj180's ghost (novice HOFi)
   782 | D:5      | Quit the game

Skill      XL: |  1  2  3  4  5 |
---------------+----------------+-----
Fighting       | 1 2 |  2.1
Short Blades   | 1 2 |  2.1
Long Blades    | 1 2 |  2.1
Axes           | 1 2 |  2.1
Maces & Flails | 1 2 |  2.1
Polearms       | 1 2 |  2.1
Staves         | 1 2 |  2.1
Slings         | 1 2 |  2.1
Bows           | 1 2 |  2.1
Crossbows      | 1 2 |  2.1
Throwing       | 1 2 |  2.1
Armour         | 1 2 |  2.1
Shields        | 1 2 |  2.1
Unarmed Combat | 1 2 |  2.1
Spellcasting   | 5 |  5.4
Invocations    | 1 2 |  2.3
Evocations     | 1 2 |  2.1
Conjurations   | 1 |  1.6
Hexes          | 1 |  1.6
Charms         | 1 |  1.6
Summonings     | 1 |  1.6
Translocations | 1 |  1.6
Transmutations | 1 |  1.6
Fire Magic     | 1 |  1.6
Ice Magic      | 1 |  1.6
Air Magic      | 1 |  1.6
Earth Magic    | 1 |  1.6
Poison Magic   | 1 |  1.6
Dodging        | 5 |  5.0
Stealth        | |  4.6
Necromancy     | |  7.3

Action                   |  1- 3 |  4- 6 || total
-------------------------+-------+-------++-------
Melee: Dagger            |     4 |     1 ||     5
       Unarmed           |     3 |       ||     3
       Falchion          |       |    11 ||    11
       Bite              |       |     4 ||     4
       Dire flail        |       |     6 ||     6
 Cast: Pain              |    19 |    30 ||    49
       Vampiric Draining |       |     4 ||     4
       Regeneration      |       |     1 ||     1
Evoke: Wand              |       |     1 ||     1
  Use: Potion            |       |     5 ||     5
Armor: Robe              |     1 |     9 ||    10
Dodge: Dodged            |     8 |    29 ||    37
       Rpst.: Falchion   |       |    10 ||    10

Table legend:
 A = Turns spent in this place as a percentage of turns spent in the entire game.
 B = Non-inter-level travel turns spent in this place as a percentage of non-inter-level travel turns spent in the entire game.
 C = Inter-level travel turns spent in this place as a percentage of turns spent in this place.
 D = Turns resting spent in this place as a percentage of non-inter-level travel turns spent in this place.
 E = Turns spent auto-exploring this place as a percentage of non-inter-level travel turns spent in this place.
 F = Non-inter-level travel turns spent in this place divided by the number of levels of this place that you've seen.
                   A       B       C       D       E      F
               +-------+-------+-------+-------+-------+----------------------
         Total | 100.0 | 100.0 |   2.9 |   0.0 |   0.0 | 151.8
       Dungeon | 100.0 | 100.0 |   2.9 |   0.0 |   0.0 | 151.8
               +-------+-------+-------+-------+-------+----------------------

Table legend:
 A = Kills in this place as a percentage of kills in entire the game.
 B = Kills by you in this place as a percentage of kills by you in the entire game.
 C = Kills by friends in this place as a percentage of kills by friends in the entire game.
 D = Other kills in this place as a percentage of other kills in the entire game.
 E = Experience gained in this place as a percentage of experience gained in the entire game.
 F = Experience gained in this place divided by the number of levels of this place that you have seen.
                   A       B       C       D       E      F
               +-------+-------+-------+-------+-------+----------------------
         Total | 100.0 | 100.0 |   N/A |   N/A | 100.0 | 110.2
       Dungeon | 100.0 | 100.0 |   N/A |   N/A | 100.0 | 110.2
               +-------+-------+-------+-------+-------+----------------------

Vault maps used:
D:1:      dpeg_arrival_signposts
D:2:      kennysheep_the_goblin_king, nicolae_overflow_hidden_temple
D:3:      lemuel_round_altar, minmay_misc_feat_tiny, uniq_robin
D:4:      chequers_temple_overflow_statue_of_worship,
          eat_drink_and_be_merry_uskayaw, first_ration, serial_shops, shop,
          shop, nicolae_shop_stone, kennysheep_generic_room_16, uniq_edmund
D:5:      lemuel_crystal_altar, nicolae_qazlal_general_emergency,
          marbit_many_paths, kennysheep_little_box, temple_hall, basic_altar
